Cogmind - Beta 15 @@@ ROGUE MODE // 2025.06.13 @ 16:32:38 Player: Chair Result: Destroyed by H-88 Terminator with KE Penetrator Performance ------------- Evolutions (9) 4500 Regions Visited (13) 2600 Robots Destroyed (7) 35 Value Destroyed (73) 73 Prototype IDs (3) 60 Alien Tech Used (0) 0 Bonus (1200) 1200 TOTAL SCORE: 8468 Bonus ------- Pacifist 200 Entered DSFs 1000 Cogmind --------- Core Integrity 0/1600 Matter 172/300 Energy 52/100 System Corruption 5% Temperature Cool (0) Movement Flying (40) Location -1/Access Parts ------- > --- POWER (2) -------- (None) > --- PROPULSION (10) -- Field Propulsion Array > --- UTILITY (11) ----- Advanced Signal Interpreter Advanced Signal Interpreter > --- WEAPON (2) ------- (None) > --- INVENTORY (5) ---- Proton Missile Launcher Peak State ------------ > --- POWER ------------ (None) > --- PROPULSION ------- Improved Surge Thruster Improved Surge Thruster > --- UTILITY ---------- Enhanced Optical Array Enhanced Optical Array Advanced Sensor Array Advanced Signal Interpreter Advanced Signal Interpreter > --- WEAPON ----------- Great Maul > --- INVENTORY -------- Proton Missile Launcher Improved Grenade Launcher [Rating: 38] Favorites ----------- Power Light Ion Engine Engine Light Ion Engine Propulsion Improved Surge Thruster Flight Unit Improved Surge Thruster Utility Advanced Signal Interpreter Device Advanced Sensor Array Processor Advanced Signal Interpreter Hackware Hacking Suite Weapon Great Maul Launcher Improved Grenade Launcher Impact Weapon Great Maul Build | -11 -10 -9 -8 -7 -7 -7 -5 -5 -4 -3 -3 -2 -1 ------- Run | Yrd Mat Mat Mat Fac Sto Rec Fac DSF Fac Res DSF Res Acc Slots Evolved 18 | . . 2 2 2 . . 4 . 2 2 . 2 2 Power 1 | . . . . . . . 1 . . . . . . Propulsion 8 | . . 1 1 1 . . 1 . 1 1 . 1 1 Utility 9 | . . 1 1 1 . . 2 . 1 1 . 1 1 Weapon . | . . . . . . . . . . . . . . Parts Attached 19 | . . . . . 4 1 . 4 3 . 2 2 3 Power 1 | . . . . . . . . 1 . . . . . Engine 1 | . . . . . . . . 1 . . . . . Core . | . . . . . . . . . . . . . . Reactor . | . . . . . . . . . . . . . . Propulsion 5 | . . . . . 1 . . 3 . . . . 1 Treads . | . . . . . . . . . . . . . . Leg . | . . . . . . . . . . . . . . Wheel . | . . . . . . . . . . . . . . Hover . | . . . . . . . . . . . . . . Flight 5 | . . . . . 1 . . 3 . . . . 1 Utility 10 | . . . . . 3 1 . . 2 . 2 2 . Device 3 | . . . . . . 1 . . 1 . . 1 . Storage . | . . . . . . . . . . . . . . Processor 5 | . . . . . 1 . . . 1 . 2 1 . Hackware 2 | . . . . . 2 . . . . . . . . Protection . | . . . . . . . . . . . . . . Artifact . | . . . . . . . . . . . . . . Weapon 3 | . . . . . . . . . 1 . . . 2 Energy Gun . | . . . . . . . . . . . . . . Energy Cannon . | . . . . . . . . . . . . . . Ballistic Gun . | . . . . . . . . . . . . . . Ballistic Cannon . | . . . . . . . . . . . . . . Launcher 2 | . . . . . . . . . . . . . 2 Special Weapon . | . . . . . . . . . . . . . . Impact Weapon 1 | . . . . . . . . . 1 . . . . Slashing Weapon . | . . . . . . . . . . . . . . Piercing Weapon . | . . . . . . . . . . . . . . Special Melee Weapon . | . . . . . . . . . . . . . . Unidentified Prototypes . | . . . . . . . . . . . . . . Parts Lost 13 | . . . . . 2 . . 2 . . 2 . 7 Power 1 | . . . . . . . . . . . 1 . . Propulsion 4 | . . . . . 1 . . 1 . . . . 2 Utility 6 | . . . . . 1 . . 1 . . 1 . 3 Weapon 2 | . . . . . . . . . . . . . 2 Highest Loss Streak 5 | . . . . . 2 . . 2 . . 2 . 5 To Critical Strikes . | . . . . . . . . . . . . . . Average Backups 2 | . . 1 1 4 5 5 5 4 3 3 3 3 1 Power . | . . . . . 1 1 1 . . . . . . Propulsion . | . . . . . . . . . . . . . . Utility . | . . . . 1 . . . . . . . . . Weapon 2 | . . 1 1 2 3 4 4 4 3 3 3 2 1 Tool/Special . | . . . . . . . . . . . . . . Unused Backups 3 | . . . . . 2 . . . . . 1 . . Power . | . . . . . . . . . . . . . . Propulsion . | . . . . . . . . . . . . . . Utility . | . . . . . . . . . . . . . . Weapon 3 | . . . . . 2 . . . . . 1 . . Tool/Special . | . . . . . . . . . . . . . . Average Slot Usage (%) 11 | . . . . . 4 3 5 14 17 28 20 23 22 Flight 2 | . . . . . . . . 7 10 9 6 7 4 Device 1 | . . . . . . 3 5 5 . 4 2 1 2 Processor 5 | . . . . . . . . . . 4 4 14 13 Peak Build Rating 38 | . . . . 1 8 5 5 21 25 25 25 38 38 Average Rating 12 | . . . . . 2 3 5 15 16 25 18 31 26 On Entrance 9 | . . . . . 1 1 5 5 12 25 25 17 36 Naked Turns 353 | . 48 94 61 56 41 53 . . . . . . . Heaviest Build 8 | . . . . . . 3 3 6 8 8 8 5 6 Greatest Support 15 | 3 3 3 3 3 6 3 3 12 8 8 8 8 15 Greatest Overweight (x) 1 | . . . . . . . . . . . 1 . 1 Average Overweight (x) . | . . . . . . . . . . . . . . Largest Inventory Capacity 5 | 5 5 5 5 5 5 5 5 5 5 5 5 5 5 Average Capacity 5 | 5 5 5 5 5 5 5 5 5 5 5 5 5 5 Most Carried 5 | . 1 1 3 5 5 5 5 5 4 3 5 4 3 Average Carried 2 | . . 1 1 4 4 5 5 4 3 3 3 2 1 Final Capacity 5 | 5 5 5 5 5 5 5 5 5 5 5 5 5 5 Final Carried 5 | . 1 1 3 5 5 5 5 4 3 3 5 3 1 Class Distribution -------------------- 66% | Mutant 14% | Assassin 11% | Scout 8% | Sprinter Dominant Class ---------------- Mutant | -10/Materials Mutant | -9/Materials Mutant | -8/Materials Mutant | -7/Factory Mutant | -7/Storage Mutant | -7/Recycling Mutant | -5/Factory Mutant | -5/DSF Sprinter | -4/Factory Sprinter | -3/Research Sprinter | -3/DSF Sprinter | -2/Research Mutant | -1/Access Resources | -11 -10 -9 -8 -7 -7 -7 -5 -5 -4 -3 -3 -2 -1 ----------- Run | Yrd Mat Mat Mat Fac Sto Rec Fac DSF Fac Res DSF Res Acc Matter Collected 335 | 118 . 47 . . . 30 . . . . 7 . 133 Remotely . | . . . . . . . . . . . . . . Salvage Created 292 | . . 47 . 13 . . . . . . . . 232 Parts 9 | . . 3 . 3 . . . . . . . . 3 Haulers Intercepted . | . . . . . . . . . . . . . . Recyclers Shooed . | . . . . . . . . . . . . . . Parts Field Recycled . | . . . . . . . . . . . . . . Retrieved Matter . | . . . . . . . . . . . . . . Parts Self-Destructed . | . . . . . . . . . . . . . . Prevented . | . . . . . . . . . . . . . . Kills | -11 -10 -9 -8 -7 -7 -7 -5 -5 -4 -3 -3 -2 -1 ------- Run | Yrd Mat Mat Mat Fac Sto Rec Fac DSF Fac Res DSF Res Acc Combat Hostiles Destroyed 1 | . . 1 . . . . . . . . . . . Melee 1 | . . 1 . . . . . . . . . . . Classes Destroyed 4 | . . 1 . 1 . . . . . . . . 2 Worker 4 | . . . . 1 . . . . . . . . 3 Builder 1 | . . . . . . . . . . . . . 1 Recycler 1 | . . . . . . . . . . . . . 1 Grunt 1 | . . 1 . . . . . . . . . . . Best Kill Streak 3 | . . 1 . 1 . . . . . . . . 3 Combat Bots Only 1 | . . 1 . . . . . . . . . . . Max Kills in Single Turn 1 | . . 1 . 1 . . . . . . . . 1 Gunslinging . | . . . . . . . . . . . . . . Exploded . | . . . . . . . . . . . . . . Melee 1 | . . 1 . . . . . . . . . . . Uniques/NPCs Destroyed . | . . . . . . . . . . . . . . Combat | -11 -10 -9 -8 -7 -7 -7 -5 -5 -4 -3 -3 -2 -1 -------- Run | Yrd Mat Mat Mat Fac Sto Rec Fac DSF Fac Res DSF Res Acc Hostile Shots Fired 347 | . 12 34 13 9 58 . . 11 . . 67 1 142 Missed 140 | . 2 11 5 5 25 . . 6 . . 22 1 63 Hits 207 | . 10 23 8 4 33 . . 5 . . 45 . 79 Melee 2 | . . . . . . . . 2 . . . . . Projectile 205 | . 10 23 8 4 33 . . 3 . . 45 . 79 AOE 3 | . . . . . . . . 2 . . . . 1 Critical Strikes 3 | . . . . . . . . 1 . . . . 2 Damage Taken 3717 | . 111 303 119 33 348 4 . 201 . . 593 . 2005 Core 2904 | . 111 303 119 33 319 2 . 63 . . 331 . 1623 Absorbed by Shields 59 | . . . . . . . . . . . 59 . . Core Remaining (%) 74 | 100 55 24 78 . . 49 . 93 100 . 74 100 . Volleys Fired 9 | . . . . . . . . . . . . . 9 Largest 1 | . . . . . . . . . . . . . 1 Hottest 39 | . . . . . . . . . . . . . 39 Shots Fired 9 | . . . . . . . . . . . . . 9 Gun . | . . . . . . . . . . . . . . Cannon . | . . . . . . . . . . . . . . Launcher 9 | . . . . . . . . . . . . . 9 Special . | . . . . . . . . . . . . . . Kinetic . | . . . . . . . . . . . . . . Thermal . | . . . . . . . . . . . . . . Explosive 7 | . . . . . . . . . . . . . 7 Electromagnetic 2 | . . . . . . . . . . . . . 2 Robot Hit Streak . | . . . . . . . . . . . . . . Robot Miss Streak . | . . . . . . . . . . . . . . Penetration Max . | . . . . . . . . . . . . . . Secondary Targets . | . . . . . . . . . . . . . . Shots Hit Robots 5 | . . . . . . . . . . . . . 5 Core Hits 13 | . . 5 . 1 . . . . . . . . 7 Critical Kills . | . . . . . . . . . . . . . . Critical Parts Destroyed 2 | . . . . . . . . . . . . . 2 Critical Strikes 2 | . . . . . . . . . . . . . 2 Smash 2 | . . . . . . . . . . . . . 2 Melee Attacks 13 | . . . . . . . . . 1 . . 1 11 Impact 13 | . . . . . . . . . 1 . . 1 11 Slashing . | . . . . . . . . . . . . . . Piercing . | . . . . . . . . . . . . . . Sneak Attacks 5 | . . . . . . . . . . . . . 5 Combat Hostiles . | . . . . . . . . . . . . . . Follow-up Attacks . | . . . . . . . . . . . . . . Damage Inflicted 735 | . 4 72 . 10 . 11 . . . . . . 638 Guns . | . . . . . . . . . . . . . . Cannons . | . . . . . . . . . . . . . . Explosions 144 | . . . . . . . . . . . . . 144 Melee 449 | . . . . . . . . . . . . . 449 Ramming 142 | . 4 72 . 10 . 11 . . . . . . 45 Kinetic . | . . . . . . . . . . . . . . Thermal . | . . . . . . . . . . . . . . Explosive . | . . . . . . . . . . . . . . Electromagnetic 144 | . . . . . . . . . . . . . 144 Impact 449 | . . . . . . . . . . . . . 449 Slashing . | . . . . . . . . . . . . . . Piercing . | . . . . . . . . . . . . . . Highest Corruption 5 | . . 2 . . . . . 5 . . . . 5 Average Corruption 3 | . . 2 . . . . . 5 . . . . 3 Corruption Purged . | . . . . . . . . . . . . . . Corruption Blocked . | . . . . . . . . . . . . . . Effects 2 | . . . . . . . . . . . . . 2 Message Errors 1 | . . . . . . . . . . . . . 1 Matter Fused 1 | . . . . . . . . . . . . . 1 Overload Shots . | . . . . . . . . . . . . . . Overflow Damage 311 | . . . . . . . . . . . . . 311 Projectiles . | . . . . . . . . . . . . . . Explosions . | . . . . . . . . . . . . . . Melee 311 | . . . . . . . . . . . . . 311 Knockbacks 3 | . . . . . . . . . . . . . 3 Impact 3 | . . . . . . . . . . . . . 3 Kinetic . | . . . . . . . . . . . . . . Secondary . | . . . . . . . . . . . . . . Self-Inflicted Damage 75 | . 2 32 . 5 . 4 . . . . . . 32 Shots 1 | . . . . . . . . . . . . . 1 Rammed 35 | . 2 19 . 1 . 3 . . . . . . 10 Targets Rammed 35 | . 2 19 . 1 . 3 . . . . . . 10 Kicked . | . . . . . . . . . . . . . . Crushed . | . . . . . . . . . . . . . . Highest Temperature . | . . . . . . . . . . . . . . Average Temperature . | . . . . . . . . . . . . . . Received Heat Transfer 784 | . 60 150 36 6 162 . . . . . 226 . 144 Siege Activations . | . . . . . . . . . . . . . . Martial Activations . | . . . . . . . . . . . . . . Shielding Activations . | . . . . . . . . . . . . . . Robots Disrupted . | . . . . . . . . . . . . . . Combat Hostiles . | . . . . . . . . . . . . . . Robots Corrupted 3 | . . . . . . . . . . . . . 3 Combat Hostiles . | . . . . . . . . . . . . . . Parts Fried 4 | . . . . . . . . . . . . . 4 Impact Corruptions 10 | . . . . . . . . . . . . . 10 Robots Melted . | . . . . . . . . . . . . . . Combat Hostiles . | . . . . . . . . . . . . . . Parts Melted . | . . . . . . . . . . . . . . Heat Transferred . | . . . . . . . . . . . . . . Parts Sabotaged . | . . . . . . . . . . . . . . Parts Stolen . | . . . . . . . . . . . . . . Parts Stripped . | . . . . . . . . . . . . . . Power Chain Reactions . | . . . . . . . . . . . . . . Alert | -11 -10 -9 -8 -7 -7 -7 -5 -5 -4 -3 -3 -2 -1 ------- Run | Yrd Mat Mat Mat Fac Sto Rec Fac DSF Fac Res DSF Res Acc Maximum Alert Level 1 | . . . . . . . . . . . . . 1 Low Security (%) 99 | 100 100 100 100 100 100 100 100 100 100 100 100 100 98 Level 1 . | . . . . . . . . . . . . . 1 Level 2 . | . . . . . . . . . . . . . . Level 3 . | . . . . . . . . . . . . . . Level 4 . | . . . . . . . . . . . . . . Level 5 . | . . . . . . . . . . . . . . High Security . | . . . . . . . . . . . . . . Max Security . | . . . . . . . . . . . . . . Peak Influence 235 | . 5 120 50 41 56 19 100 70 40 15 11 20 235 Initial 100 | . . . 50 11 18 19 100 70 25 15 11 . 5 Average 31 | . 1 26 39 17 17 4 100 66 30 15 4 10 59 Influence Increases 838 | . 5 145 5 50 71 . 100 . 15 . . 20 427 Destroy 0b10 Robot/C 20 | . . 20 . . . . . . . . . . . Destroy 0b10 Robot/NC 30 | . . . . 5 . . . . . . . . 25 Successful Hack 73 | . 5 5 5 . 26 . . . . . . 5 27 Disable Machine 30 | . . . . . . . . . 15 . . 15 . Destroy Structure 45 | . . . . . . . . . . . . . 45 Advance Influence 100 | . . . . . . . 100 . . . . . . Partial Spotted 60 | . . . . 45 15 . . . . . . . . Lose Combat Pursuer 480 | . . 120 . . 30 . . . . . . . 330 Influence Decreases 603 | . 5 25 100 34 61 51 . 50 35 15 15 10 202 Entered New Map 218 | . . . 70 14 23 32 . 30 25 15 4 . 5 Time Decay 280 | . 5 25 30 20 28 19 . . 10 . . 10 133 Lost Part 105 | . . . . . 10 . . 20 . . 11 . 64 Squads Dispatched 12 | . 1 4 . . 2 . . 1 . . 1 . 3 Investigation 4 | . . 2 . . 1 . . . . . . . 1 Extermination 2 | . . . . . . . . . . . . . 2 Reinforcement 6 | . 1 2 . . 1 . . 1 . . 1 . . Assault . | . . . . . . . . . . . . . . Garrison . | . . . . . . . . . . . . . . Intercept . | . . . . . . . . . . . . . . Searches Triggered . | . . . . . . . . . . . . . . Construction Impeded . | . . . . . . . . . . . . . . Haulers Reinforced . | . . . . . . . . . . . . . . Active Scanning Responses . | . . . . . . . . . . . . . . Cargo Convoy Interrupts . | . . . . . . . . . . . . . . Stealth | -11 -10 -9 -8 -7 -7 -7 -5 -5 -4 -3 -3 -2 -1 --------- Run | Yrd Mat Mat Mat Fac Sto Rec Fac DSF Fac Res DSF Res Acc Distress Signals 5 | . 1 1 . . 1 . . . . . . . 2 Communications Jammed . | . . . . . . . . . . . . . . Distress Signals . | . . . . . . . . . . . . . . Times Spotted 78 | . 5 15 4 1 9 . . 5 . . 3 1 35 Peak Tracking Total 13 | . 4 8 5 1 13 . . 5 . . 3 1 12 Tactical Retreats 10 | . . 2 . . 1 . . . . . . . 7 Traps | -11 -10 -9 -8 -7 -7 -7 -5 -5 -4 -3 -3 -2 -1 ------- Run | Yrd Mat Mat Mat Fac Sto Rec Fac DSF Fac Res DSF Res Acc Traps Triggered 4 | . . 1 . . 1 . . . . . 2 . . Indirectly . | . . . . . . . . . . . . . . Trap Hack Attempts . | . . . . . . . . . . . . . . Triggered . | . . . . . . . . . . . . . . Disarmed . | . . . . . . . . . . . . . . Reprogrammed . | . . . . . . . . . . . . . . Reused . | . . . . . . . . . . . . . . Traps Extracted . | . . . . . . . . . . . . . . Installed . | . . . . . . . . . . . . . . Triggered . | . . . . . . . . . . . . . . Machines | -11 -10 -9 -8 -7 -7 -7 -5 -5 -4 -3 -3 -2 -1 ---------- Run | Yrd Mat Mat Mat Fac Sto Rec Fac DSF Fac Res DSF Res Acc Machines Disabled 2 | . . . . . . . . . 1 . . 1 . Max in Single Turn 1 | . . . . . . . . . 1 . . 1 . Machines Repaired . | . . . . . . . . . . . . . . Machines Dismantled . | . . . . . . . . . . . . . . Machines Sabotaged . | . . . . . . . . . . . . . . Overloaded Fab Kills . | . . . . . . . . . . . . . . Hacking | -11 -10 -9 -8 -7 -7 -7 -5 -5 -4 -3 -3 -2 -1 --------- Run | Yrd Mat Mat Mat Fac Sto Rec Fac DSF Fac Res DSF Res Acc Machines Accessed 13 | . 2 2 1 . 2 2 1 . . 1 . 1 1 Terminals 13 | . 2 2 1 . 2 2 1 . . 1 . 1 1 Fabricators . | . . . . . . . . . . . . . . Repair Stations . | . . . . . . . . . . . . . . Recycling Units . | . . . . . . . . . . . . . . Scanalyzers . | . . . . . . . . . . . . . . Garrison Access . | . . . . . . . . . . . . . . Total Hacks 39 | . 3 9 7 . 6 7 2 . . 1 . 1 3 Successful 11 | . 1 1 1 . 4 . 1 . . 1 . 1 1 Failed 28 | . 2 8 6 . 2 7 1 . . . . . 2 Catastrophic 5 | . 1 1 2 . . 1 . . . . . . . Database Lockouts . | . . . . . . . . . . . . . . Manual 19 | . 3 5 7 . 1 3 . . . . . . . Terminals 39 | . 3 9 7 . 6 7 2 . . 1 . 1 3 Fabricators . | . . . . . . . . . . . . . . Repair Stations . | . . . . . . . . . . . . . . Recycling Units . | . . . . . . . . . . . . . . Scanalyzers . | . . . . . . . . . . . . . . Garrison Access . | . . . . . . . . . . . . . . Terminal Hacks 8 | . . . . . 4 . 1 . . 1 . 1 1 Robot Analysis 1 | . . . . . 1 . . . . . . . . Prototype ID Bank 1 | . . . . . 1 . . . . . . . . Open Door 1 | . . . . . 1 . . . . . . . . Open DSF 3 | . . . . . . . 1 . . 1 . 1 . Level Access Points 1 | . . . . . . . . . . . . . 1 Branch Access Points 1 | . . . . . 1 . . . . . . . . Fabricator Hacks . | . . . . . . . . . . . . . . Repair Station Hacks . | . . . . . . . . . . . . . . Recycling Unit Hacks . | . . . . . . . . . . . . . . Scanalyzer . | . . . . . . . . . . . . . . Garrison Access Hacks . | . . . . . . . . . . . . . . Unauthorized Hacks 3 | . 1 1 1 . . . . . . . . . . Terminals 3 | . 1 1 1 . . . . . . . . . . Botnet 3 | . 1 1 1 . . . . . . . . . . Fabricators . | . . . . . . . . . . . . . . Repair Stations . | . . . . . . . . . . . . . . Recycling Units . | . . . . . . . . . . . . . . Scanalyzers . | . . . . . . . . . . . . . . Garrison Access . | . . . . . . . . . . . . . . Data Cores Recovered . | . . . . . . . . . . . . . . Used . | . . . . . . . . . . . . . . Hacking Detections 10 | . 2 2 1 . 1 2 . . . . . 1 1 Full Trace Events 6 | . . 1 1 . 1 2 . . . . . . 1 Feedback Events . | . . . . . . . . . . . . . . Feedback Blocked . | . . . . . . . . . . . . . . Robot Schematics Acquired . | . . . . . . . . . . . . . . Robots Built . | . . . . . . . . . . . . . . Authchips . | . . . . . . . . . . . . . . Time . | . . . . . . . . . . . . . . Total Robot Build Rating . | . . . . . . . . . . . . . . Part Schematics Acquired . | . . . . . . . . . . . . . . Parts Built . | . . . . . . . . . . . . . . Authchips . | . . . . . . . . . . . . . . Time . | . . . . . . . . . . . . . . Total Part Build Rating . | . . . . . . . . . . . . . . Parts Repaired . | . . . . . . . . . . . . . . Time . | . . . . . . . . . . . . . . Parts Recycled . | . . . . . . . . . . . . . . Recycled Matter . | . . . . . . . . . . . . . . Retrieved Matter . | . . . . . . . . . . . . . . Retrieved Components . | . . . . . . . . . . . . . . Parts Scanalyzed . | . . . . . . . . . . . . . . Part Schematics Acquired . | . . . . . . . . . . . . . . Parts Damaged . | . . . . . . . . . . . . . . Bothacking | -11 -10 -9 -8 -7 -7 -7 -5 -5 -4 -3 -3 -2 -1 ------------ Run | Yrd Mat Mat Mat Fac Sto Rec Fac DSF Fac Res DSF Res Acc Used RIF Installer . | . . . . . . . . . . . . . . Robots Hacked . | . . . . . . . . . . . . . . Non-combat . | . . . . . . . . . . . . . . Combat . | . . . . . . . . . . . . . . Robot Hacks Applied . | . . . . . . . . . . . . . . Relay Couplers Released . | . . . . . . . . . . . . . . Fabnet Peak Effective % . | . . . . . . . . . . . . . . Robots Rewired . | . . . . . . . . . . . . . . Allies Hacked . | . . . . . . . . . . . . . . Hacks Repelled . | . . . . . . . . . . . . . . Allies | -11 -10 -9 -8 -7 -7 -7 -5 -5 -4 -3 -3 -2 -1 -------- Run | Yrd Mat Mat Mat Fac Sto Rec Fac DSF Fac Res DSF Res Acc Total Allies . | . . . . . . . . . . . . . . Largest Group . | . . . . . . . . . . . . . . Highest-Rated Group . | . . . . . . . . . . . . . . Highest-Rated Ally . | . . . . . . . . . . . . . . Total Orders . | . . . . . . . . . . . . . . Ally Attacks . | . . . . . . . . . . . . . . Total Damage . | . . . . . . . . . . . . . . Kills . | . . . . . . . . . . . . . . Allies Corrupted . | . . . . . . . . . . . . . . Allies Melted . | . . . . . . . . . . . . . . Intel | -11 -10 -9 -8 -7 -7 -7 -5 -5 -4 -3 -3 -2 -1 ------- Run | Yrd Mat Mat Mat Fac Sto Rec Fac DSF Fac Res DSF Res Acc Active Infowar (turns) 305 | . . . . . . 1 . . 5 8 38 30 223 Optics 263 | . . . . . . . . . . . 10 30 223 Sensors 86 | . . . . . . . . . 5 8 28 14 31 ECM 1 | . . . . . . 1 . . . . . . . Robot Analysis Total 1 | . . . . . 1 . . . . . . . . Derelict Logs Recovered . | . . . . . . . . . . . . . . Drone Launches . | . . . . . . . . . . . . . . Drone Recoveries . | . . . . . . . . . . . . . . Exploration | -11 -10 -9 -8 -7 -7 -7 -5 -5 -4 -3 -3 -2 -1 ------------- Run | Yrd Mat Mat Mat Fac Sto Rec Fac DSF Fac Res DSF Res Acc Turns Passed 878 | 11 48 94 61 56 69 116 2 26 23 8 52 30 282 Spaces Moved 1608 | 23 89 149 118 104 126 222 3 71 57 30 30 60 526 Core 1035 | 23 89 149 118 104 105 222 3 8 . . 26 . 188 Treads . | . . . . . . . . . . . . . . Legs . | . . . . . . . . . . . . . . Wheels . | . . . . . . . . . . . . . . Hover . | . . . . . . . . . . . . . . Flight 573 | . . . . . 21 . . 63 57 30 4 60 338 Fastest Speed 21 | 50 50 50 50 50 40 50 50 21 27 27 27 27 21 Average Speed 42 | 50 50 50 50 50 48 50 50 27 27 27 68 28 36 Slowest Speed 100 | 50 50 50 50 50 50 50 50 50 27 27 100 30 100 Overloaded Moves 13 | . . . . . . . . 5 . . . . 8 Propulsion Burnouts . | . . . . . . . . . . . . . . Robots Hopped 12 | . . . . . 4 . . 1 2 . . . 5 Potential Cave-ins 20 | . . . . . . . . . . . . . 20 Cave-ins Triggered 1 | . . . . . . . . . . . . . 1 Exploration Rate (%) 25 | 4 29 28 17 2 37 61 . 85 3 2 46 2 20 Regions Visited 13 Branch Regions 2 Pre-discovered Areas . | . . . . . . . . . . . . . . Known Exits Taken 5 | . . . . . 1 . 1 . 1 1 . 1 . Unknown Exits Taken 6 | 1 1 1 1 1 . 1 . . . . . . . Scrap Searched . | . . . . . . . . . . . . . . Spaces Dug 19 | . . . . . . . . . . . . . 19 Terrain Destroyed 105 | . . . . . . . . . . . . . 105 Melee 5 | . . . . . . . . . . . . . 5 Projectile . | . . . . . . . . . . . . . . AOE 100 | . . . . . . . . . . . . . 100 Terrain Rammed . | . . . . . . . . . . . . . . Walls Destroyed . | . . . . . . . . . . . . . . Machines Disabled . | . . . . . . . . . . . . . . Actions | -11 -10 -9 -8 -7 -7 -7 -5 -5 -4 -3 -3 -2 -1 --------- Run | Yrd Mat Mat Mat Fac Sto Rec Fac DSF Fac Res DSF Res Acc Total 1732 | 22 91 167 119 107 130 225 2 73 58 29 61 69 579 Wait 23 | . . . . 1 . . . . . . . 3 19 Move 1574 | 22 88 148 117 103 119 221 2 68 53 29 29 59 516 Hop 8 | . . . . . 2 . . 1 1 . . . 4 Pick Up 8 | . 1 . 2 2 3 . . . . . . . . Fast Attach 14 | . . . . . 3 1 . 3 2 . 2 2 1 Attach 11 | . . . . . 1 . . 1 1 . . 3 5 Detach 7 | . . . . . . . . . . . 3 1 3 Swap . | . . . . . . . . . . . . . . Drop 3 | . . . . . 2 . . . . . 1 . . Fire 9 | . . . . . . . . . . . . . 9 Melee 13 | . . . . . . . . . 1 . . 1 11 Ram 35 | . 2 19 . 1 . 3 . . . . . . 10 Kick . | . . . . . . . . . . . . . . Crush . | . . . . . . . . . . . . . . Escape Stasis 27 | . . . . . . . . . . . 26 . 1 Rewire . | . . . . . . . . . . . . . . Trap . | . . . . . . . . . . . . . . Miscellaneous . | . . . . . . . . . . . . . . Route ------- -11/Scrapyard -10/Materials -9/Materials -8/Materials -7/Factory -7/Storage -7/Recycling -5/Factory -5/DSF -4/Factory -3/Research -3/DSF -2/Research -1/Access (discovered 1 exit: Sur) History --------- Turn | Location | Event 7 | -11/Scrapyard | Discovered new exit (range 12) 12 | -11/Scrapyard | Entered Materials 48 | -10/Materials | Discovered new exit (range 16) 60 | -10/Materials | Entered another Materials area 60 | -9/Materials | Evolved 2 slots: Propulsion x1, Utility x1 113 | -9/Materials | Core integrity fell below 50% 147 | -9/Materials | Discovered new exit (range 15) 154 | -9/Materials | Entered another Materials area 154 | -8/Materials | Evolved 2 slots: Propulsion x1, Utility x1 208 | -8/Materials | Discovered new exit (range 16) 215 | -8/Materials | Entered Factory 215 | -7/Factory | Evolved 2 slots: Propulsion x1, Utility x1 248 | -7/Factory | Discovered new exit (range 9) 271 | -7/Factory | Entered Storage 321 | -7/Storage | Identified exit to Recycling 329 | -7/Storage | Core integrity fell below 50% 330 | -7/Storage | Build established: Mutant 339 | -7/Storage | Used back door to open Recycling access 340 | -7/Storage | Entered Recycling 448 | -7/Recycling | Discovered new exit (range 16) 456 | -7/Recycling | Entered Factory 456 | -5/Factory | Evolved 4 slots: Power x1, Propulsion x1, Utility x2 458 | -5/Factory | Identified exit to DSF 458 | -5/Factory | Entered DSF 480 | -5/DSF | Discovered new exit (range 14) 484 | -5/DSF | Entered Factory 484 | -4/Factory | Evolved 2 slots: Propulsion x1, Utility x1 493 | -4/Factory | Discovered new exit (range 6) 506 | -4/Factory | Identified exit to Research 507 | -4/Factory | Entered Research 507 | -3/Research | Evolved 2 slots: Propulsion x1, Utility x1 515 | -3/Research | Identified exit to DSF 515 | -3/Research | Entered DSF 561 | -3/DSF | Discovered new exit (range 11) 566 | -3/DSF | Identified exit to Research 567 | -3/DSF | Additional patrols routed to DSF 567 | -3/DSF | Entered Research 567 | -2/Research | Evolved 2 slots: Propulsion x1, Utility x1 594 | -2/Research | Discovered new exit (range 8) 596 | -2/Research | Identified exit to Access 597 | -2/Research | Entered Access 597 | -1/Access | Evolved 2 slots: Propulsion x1, Utility x1 671 | -1/Access | Identified exit to Surface 792 | -1/Access | Lost 5 parts (2n2u1w) 820 | -1/Access | Crushed by falling debris 821 | -1/Access | Core integrity fell below 50% 861 | -1/Access | Core integrity fell below 20% 879 | -1/Access | Destroyed by H-88 Terminator with KE Penetrator Last Messages --------------- 00858_ System corrupted: Matter fused (-9). 00859_ Slammed into K-01 Serf. 00859_ K-01 Serf knocked back. 00859_ K-01 Serf sends out distress signal. 00860_ C-30 ARC bursts open, deploying its payload. 00860_ S-43 Plague unfolds itself. 00861_ Door malfunctions. 00864_ U-05 Engineer lays Concrete. 00864_ Slammed into S-43 Plague. 00865_ U-05 Engineer lays Concrete. 00865_ Slammed into S-43 Plague. 00866_ S-43 Plague IFF system glitched. 00866_ S-43 Plague destroyed. 00866_ Slammed into S-43 Plague. 00867_ U-05 Engineer lays Concrete. 00870_ K-01 Serf collects debris. 00871_ U-05 Engineer lays Concrete. 00875_ Slug penetrates Wall. 00876_ Acquired Field Propulsion Array. 00879_ Slug penetrates Wall. Map ----- +----------------------------------------------------+ | ??????????????????????? """""" # #?? | | ????????????????????????"""""" # #?? | | ?????????????????????? "" + #?? | | ?????????????????????? "" ####/######+###### | | ?????????????????????? ????# | | ????????????????????"" [????# | | ???????????????????# ?????# | | ???????????????????? ?????# | | ????????????????????############### | | ???????????????????????# # | | ???????????????????????# * # | | ???????????????????????? #####+########## | | ?????????????????????????? #???# #????????? | | ???????????????????????????? ?????# #????????? | | ????????????????????????######"######## ##???????? | | ????????????????????????# %[ #???????? | | ????????????????????????# % +???????? | | ????????????????????????# ##########/##+#???????? | | ????????????????????????# #???????? ?????????? | | ????????????????????????# R#??????? #???????? | | ????????????????????????# s#??????""""" #???????? | | ?????????????############s #??????""""" #???????? | | ?????????? s #????? """"" #???????? | | ??????????# s #???? """"" #???????? | | ?????????????############s######??????? #???????? | | ?????????????????????# @ #??????? #???????? | | ?????????????????????# [ #?????????#???????? | | ?????????????????????# " #?????????????????? | | ?????????????????????# """ #?????????????????? | | ?????????????????????# """ #?????????????????? | | ?????????????????????# " ]#?????????????????? | | ?????????????????????# #?????????????????? | | ?????????????????????# #?????????????????? | | ?????????????????????###########?????????????????? | | ?????????????????????????????????????????????????? | | ?????????????????????????????????????????????????? | | ?????????????????????????????????????????????????? | | ?????????????????????????????????????????????????? | | ?????????????????????????????????????????????????? | | ?????????????????????????????????????????????????? | | ?????????????????????????????????????????????????? | | ?????????????????????????????????????????????????? | | ?????????????????????????????????????????????????? | | ?????????????????????????????????????????????????? | | ?????????????????????????????????????????????????? | | ?????????????????????????????????????????????????? | | ?????????????????????????????????????????????????? | | ?????????????????????????????????????????????????? | | ?????????????????????????????????????????????????? | | ?????????????????????????????????????????????????? | +----------------------------------------------------+ Best States ------------- Heat Dissipation 52 Energy Generation 10 Energy Capacity 125 Matter Stores 300 Matter Capacity 300 Sight Range 22 Robot Scan Range 16 Terrain Scan Density 110 Evasion (%) 65 Offensive Hacking 10 Defensive Hacking 10 Item Schematics ----------------- None Robot Schematics ------------------ None Fabricated ------------ Nothing Repaired ---------- Nothing Alien Tech Used ----------------- None Achievements -------------- None Challenges ------------ None Game ------ Seed VisualArcsightWell Manual? 0 Play Time 00:26:50 Cumulative 246.8 hours Start 2025.06.13 @ 16:12:58 End 2025.06.13 @ 16:32:38 Sessions 1 Manual Loads 0 Difficulty Rogue Special Mode None Game No. 180 Rogue 180 Adventurer 0 Explorer 0 Win Type - Total 14 Types 14/0/0/0/0/0/0/0/0/0 Lore% 72 Gallery% 70 Achievement% 64 Wizard Run 0 Options --------- Layout 0 ASCII 0 Keyboard 1 Movement Numpad Keybinds 0 Fullscreen 2 Font 36/Smallcaps Map View 76x50 Zoom Use 0% Tactical HUD 1 Map Filters NONE Filters NONE Steam 1 RUN: ed14b132-558e-43a2-9779-c9d3ec9b523c